 Dungeon Crawl Stone Soup version 0.25.1-2-g60ff931df9 (webtiles) character file.

Game seed: 8616627085713529271

10516 Allula97 the Fighter (level 11, -1/89 HPs)
             Began as a Demonspawn Berserker on Nov 11, 2020.
             Was an Elder of Trog.
             Slain by a vampire mosquito (2 damage)
             ... on level 12 of the Dungeon.
             The game lasted 00:46:16 (8121 turns).

Allula97 the Fighter (Demonspawn Berserker)         Turns: 8121, Time: 00:46:16

Health: -1/89      AC: 17    Str: 21    XL:     11   Next: 37%
Magic:  0/20       EV: 14    Int: 11    God:    Trog [****..]
Gold:   372        SH:  0    Dex: 12    Spells: 10/10 levels left

rFire    + . .     SeeInvis .   D - +3 flail "Oxtohi" {elec, Int+2}
rCold    + . .     Gourm    .   (no shield)
rNeg     . . .     Faith    .   L - +1 scale mail {rC+}
rPois    .         Spirit   +   (helmet restricted)
rElec    .         Reflect  .   H - +0 cloak
rCorr    .         Harm     .   r - +0 pair of gloves
MR       .....                  M - +0 pair of boots
Stlth    ++........             q - amulet of guardian spirit
HPRegen  0.24/turn              b - ring of magical power
MPRegen  0.17/turn              (no ring)

@: berserk cooldown, very slightly contaminated, slowed, very slow
A: horns 2, iridescent scales 2, demonic guardian 1, fire resistance 1
a: Berserk, Trog's Hand, Brothers in Arms, Renounce Religion


You were on level 12 of the Dungeon.
You worshipped Trog.
Trog was greatly pleased with you.
You were very hungry.

You visited 2 branches of the dungeon, and saw 13 of its levels.

You collected 613 gold pieces.
You spent 241 gold pieces at shops.

Inventory:

Hand Weapons
 p - a +2 dagger of venom
 D - the +3 flail "Oxtohi" (weapon) {elec, Int+2}
   (You found it on level 5 of the Dungeon)

   Occasionally, upon striking a foe, it will discharge some electrical energy
   and cause terrible harm.
   It affects your intelligence (+2).
 E - the +3 rapier "Lauh" {chaos, rF+ Str+6}
   (You found it on level 5 of the Dungeon)

   Each time it hits an enemy it has a different, random effect.
   It affects your strength (+6).
   It protects you from fire.
 F - the +4 arbalest "Oczoxun" {vorpal, rF+, unknown}
   (You found it on level 11 of the Dungeon)

   Any bolt fired from it inflicts extra damage.
   It protects you from fire.
 O - a +0 battleaxe
Armour
 e - a +1 centaur barding
 n - a +3 plate armour
 r - a +0 pair of gloves (worn)
 H - a +0 cloak (worn)
 K - +0 acid dragon scales
 L - a +1 scale mail of cold resistance (worn)
 M - a +0 pair of boots (worn)
Jewellery
 b - a ring of magical power (left hand)
 q - an amulet of guardian spirit (around neck)
 s - an uncursed amulet of faith {unknown}
 G - a cursed amulet of inaccuracy {unknown}
 I - a cursed -4 ring of evasion {unknown}
Wands
 j - a wand of iceblast (8)
 u - a wand of flame (16)
 z - a wand of acid (21)
 C - a wand of polymorph (14)
 P - a wand of paralysis (11)
 Q - a wand of random effects (20)
Scrolls
 d - 4 scrolls of remove curse
 k - a scroll of identify
 l - 3 scrolls of magic mapping
 v - 3 scrolls of enchant armour
 w - 4 scrolls of teleportation
 y - a scroll of blinking
 A - 2 scrolls of enchant weapon
 B - 3 scrolls of fog
Potions
 f - 5 potions of stabbing
 g - 2 potions of curing
 h - 2 potions of invisibility
 i - 2 potions of resistance
 m - a potion of lignification
 o - a potion of ambrosia
 t - a potion of might
 x - 4 potions of flight
 J - a potion of haste
Comestibles
 a - 14 chunks of flesh
 c - 16 rations


   Skills:
 * Level 9.2 Fighting
 * Level 8.3 Axes
 * Level 8.2 Armour
 * Level 8.1 Dodging
 + Level 5.5 Stealth


You had 10 spell levels left.
You didn't know any spells.
Your spell library contained the following spells:

 Spells                   Type           Power        Failure   Level  Hunger
 Corpse Rot               Necr/Air       N/A          77%         2    ###....
 Stone Arrow              Conj/Erth      #.....       94%         3    ####...
 Summon Forest            Summ/Tloc      #.........   100%        5    ######.
 Eringya's Noxious Bog    Tmut/Pois      #.........   100%        6    #######
 Hydra Form               Tmut           #.........   100%        6    #######
 Summon Hydra             Summ           #.........   100%        7    #######


Dungeon Overview and Level Annotations

Branches:
Dungeon (13/15)            Temple (1/1) D:5
   Lair: D:8-11         Orc: D:9-12      Vaults: D:13-14

Altars:
Ashenzari
Cheibriados
Dithmenos
Elyvilon
Fedhas
Gozag
Hepliaklqana
Kikubaaqudgha
Makhleb
Nemelex Xobeh
Okawaru
Qazlal
Ru
Sif Muna
Trog
Uskayaw
Vehumet
Wu Jian
Xom
Yredelemnul
Zin
The Shining One

Shops:
D:6 [

Annotations:
D:11 Sonja


Innate Abilities, Weirdness & Mutations

You have a pair of horns on your head.
You are mostly covered in iridescent scales. (AC +4)
A weak demonic guardian rushes to your aid.
Your flesh is heat resistant. (rF+)


Message History

The vampire mosquito misses you. The orc closely misses you.
The vampire mosquito bites you!
* * * LOW HITPOINT WARNING * * *
The vampire mosquito draws strength from your injuries!
Found a potion of curing.
The vampire mosquito barely misses you. The bullfrog hits you.
* * * LOW HITPOINT WARNING * * *
The vampire mosquito closely misses you.
The bullfrog closely misses you.
The vampire mosquito bites you but does no damage.
The vampire mosquito bites you but does no damage.
The vampire mosquito bites you!
* * * LOW HITPOINT WARNING * * *
The vampire mosquito draws strength from your injuries!
The vampire mosquito closely misses you.
The vampire mosquito barely misses you. The vampire mosquito bites you.
* * * LOW HITPOINT WARNING * * *
The vampire mosquito draws strength from your injuries!
The vampire mosquito bites you.
You die...

...................#***,,,,,,*
..........)Y.......+,,,,,,,,,****
.........z.Zy..zZ..#*****,,,,,,,,
.....y.).#######Y..# *,,,,,**,*
.....zYZ†#......YS.# *,,,*,**,*
.(.....###.........# *,,,*,,,,*
.......#*#...!.oFz.#****,*,,**,,*
.......#*.....zyyy.+,,,,,*,,**,,*
.......#*.......@y.#******,,,*,,*
.......#*....$.....#******,,^,,,*
########*.............,,****,,*,*
*...............* *,,*,*
*...............*****,*,*
*..!............,,,**,,,*
*.##.#....######**,***,,,
*,,.......# *****+***,,*
**,*,∩,*,,* *,,,,,,,,,>,


You could see 2 yaks, 4 vampire mosquitoes, a bullfrog, 3 wights, an adder, an
orc and a centaur warrior skeleton.

Vanquished Creatures
  2 hydras
  A two-headed ogre (D:11)
  Pikel (D:5)
  Maggie (D:7)
  A gargoyle (D:12)
  A komodo dragon (D:12)
  A troll (D:12)
  A hornet (D:7)
  5 hippogriffs
  A wraith (D:12)
  2 yaks (D:12)
  Eustachio (D:5)
  The ghost of bananovenc the Charmwright, an amateur GnSk (D:3)
  A steam dragon (D:9)
  A hungry ghost (D:8)
  An acid dragon (D:9)
  4 ice beasts
  4 orc warriors
  An eye of draining (D:12)
  2 sky beasts
  A phantom (D:7)
  3 ogres
  2 centaurs (D:8)
  4 big kobolds
  2 bullfrogs
  A wyvern zombie (D:12)
  8 scorpions
  11 killer bees (D:11)
  2 wights
  2 jellies
  A centaur zombie (D:7)
  3 crimson imps
  A bullfrog zombie (D:8)
  2 bullfrog skeletons
  7 hounds
  7 orc wizards
  A gnoll shaman (D:9)
  2 orc priests
  A quasit (D:6)
  5 iguanas
  5 worker ants
  A killer bee zombie (D:7)
  3 hound zombies
  A worker ant zombie (D:5)
  7 gnolls
  16 adders
  2 shadow imps
  An ooze (D:1)
  An adder zombie (D:7)
  3 adder skeletons
  A dart slug (D:1)
  7 leopard geckos
  26 orcs
  2 ball pythons
  4 giant cockroaches
  4 goblins
  6 hobgoblins
  5 jackals
  7 quokkas
  7 bats
  12 frilled lizards
  A jackal skeleton (D:8)
  18 kobolds
  A quokka skeleton (D:7)
  11 rats
251 creatures vanquished.

Vanquished Creatures (collateral kills)
  A manticore (D:7)
  A hornet (D:7)
  A hungry ghost (D:7)
  An orc warrior (D:7)
  2 ogres (D:4)
  A crocodile (D:5)
  A gnoll sergeant (D:7)
  A bullfrog (D:6)
  2 killer bees (D:11)
  2 crimson imps
  A gnoll shaman (D:3)
  3 orcs
  4 kobolds
21 creatures vanquished.

Vanquished Creatures (others)
  An orc (D:12)
1 creature vanquished.

Grand Total: 273 creatures vanquished

Notes
Turn   | Place    | Note
-------+----------+-------------------------------------------
     0 | D:1      | Allula97 the Demonspawn Berserker began the quest for the
                  | Orb.
     0 | D:1      | Reached XP level 1. HP: 18/18 MP: 1/1
   147 | D:1      | Gained mutation: Your flesh is heat resistant. (rF+)
                  | [demonic ancestry]
   147 | D:1      | Reached XP level 2. HP: 20/24 MP: 2/2
   410 | D:1      | Reached ** piety under Trog
   612 | D:1      | Reached XP level 3. HP: 29/29 MP: 3/3
   857 | D:2      | Noticed a scorpion
   867 | D:2      | Killed a scorpion
   867 | D:2      | Gained mutation: A weak demonic guardian rushes to your
                  | aid. [demonic ancestry]
   867 | D:2      | Reached XP level 4. HP: 8/37 MP: 4/4
  1243 | D:2      | Found a shimmering blue altar of Sif Muna.
  1263 | D:2      | Found an ancient bone altar of Kikubaaqudgha.
  1265 | D:2      | Found a shadowy altar of Dithmenos.
  1690 | D:3      | Found a runed translucent door.
  1690 | D:3      | Noticed bananovenc's ghost (amateur GnSk)
  1706 | D:3      | Killed bananovenc's ghost
  1706 | D:3      | Reached skill level 4 in Fighting
  1706 | D:3      | Gained mutation: You are partially covered in iridescent
                  | scales. (AC +2) [demonic ancestry]
  1706 | D:3      | Reached XP level 5. HP: 42/42 MP: 5/5
  1746 | D:3      | Reached XP level 6. HP: 29/48 MP: 6/6
  2540 | D:4      | Reached *** piety under Trog
  2678 | D:4      | Noticed an angel
  2679 | D:4      | Found a glowing silver altar of Zin.
  2738 | D:4      | Reached XP level 7. HP: 55/55 MP: 7/7
  3254 | D:5      | Entered Level 5 of the Dungeon
  3254 | D:5      | Noticed Eustachio
  3277 | D:5      | Killed Eustachio
  3277 | D:5      | Reached skill level 1 in Stealth
  3283 | D:5      | Reached skill level 5 in Fighting
  3315 | D:5      | Got an ancient flail
  3318 | D:5      | Identified the +3 flail "Oxtohi" {elec, Int+2} (You found
                  | it on level 5 of the Dungeon)
  3422 | D:5      | Noticed Pikel
  3440 | D:5      | Killed Pikel
  3440 | D:5      | Reached skill level 5 in Axes
  3440 | D:5      | Gained mutation: You have a pair of small horns on your
                  | head. [demonic ancestry]
  3440 | D:5      | Reached XP level 8. HP: 63/63 MP: 5/8
  3462 | D:5      | Got a transparent rapier
  3465 | D:5      | Identified the +3 rapier "Lauh" {chaos, rF+ Str+6} (You
                  | found it on level 5 of the Dungeon)
  3471 | D:5      | Found a staircase to the Ecumenical Temple.
  3482 | Temple   | Entered the Ecumenical Temple
  3600 | D:5      | Found a radiant altar of Vehumet.
  3661 | D:5      | Found a sacrificial altar of Ru.
  3733 | D:5      | Found an opulent altar of Gozag.
  3849 | D:5      | Reached skill level 5 in Armour
  3849 | D:5      | Reached skill level 5 in Dodging
  3863 | D:5      | Reached skill level 6 in Fighting
  4104 | D:6      | Found a shattered altar of Ashenzari.
  4254 | D:6      | Found Zisy's Antique Armour Boutique.
  4257 | D:6      | Bought a runed scale mail for 147 gold pieces
  4257 | D:6      | Bought a pair of boots for 94 gold pieces
  4439 | D:6      | Gained mutation: You are mostly covered in iridescent
                  | scales. (AC +4) [demonic ancestry]
  4439 | D:6      | Reached XP level 9. HP: 66/71 MP: 9/9
  4706 | D:7      | Found an ornate altar of the Wu Jian Council.
  5160 | D:7      | Noticed Maggie
  5183 | D:7      | Killed Maggie
  5183 | D:7      | Reached skill level 7 in Fighting
  5429 | D:7      | Reached **** piety under Trog
  5503 | D:7      | Noticed a manticore
  5514 | D:7      | Killed a manticore
  5514 | D:7      | Gained mutation: You have a pair of horns on your head.
                  | [demonic ancestry]
  5514 | D:7      | Reached XP level 10. HP: 34/79 MP: 7/10
  5837 | D:7      | Paralysed by a hornet for 3 turns
  6434 | D:8      | Reached skill level 8 in Fighting
  6492 | D:8      | Found a hide-covered altar of Uskayaw.
  6493 | D:8      | Found a stormy altar of Qazlal.
  6493 | D:8      | Found a snail-covered altar of Cheibriados.
  7177 | D:9      | You fall into a shaft and drop 2 floors!
  7224 | D:11     | Noticed a two-headed ogre
  7230 | D:11     | Killed a two-headed ogre
  7312 | D:11     | Noticed a five-headed hydra
  7329 | D:11     | Killed a five-headed hydra
  7329 | D:11     | Reached skill level 5 in Stealth
  7567 | D:11     | Reached XP level 11. HP: 80/87 MP: 11/11
  7572 | D:11     | Got a twisted arbalest
  7618 | D:11     | Noticed Sonja
  7620 | D:11     | Reached ***** piety under Trog
  7646 | D:12     | Found a white marble altar of Elyvilon.
  8008 | D:12     | Reached skill level 9 in Fighting
  8086 | D:12     | Noticed a six-headed hydra
  8098 | D:12     | Killed a six-headed hydra
  8121 | D:12     | HP: 2/89 [vampire mosquito (7)]
  8121 | D:12     | Slain by a vampire mosquito

Illustrated notes

Levels and vault maps discovered:
D:1:      scummos_arrival_gate, layout_basic, chequers_decorated_corner,
          kennysheep_boxes
D:2:      layout_rooms, lemuel_coloured_pillars_altar,
          grunt_temple_overflow_open
D:3:      layout_loops_ring, ebering_ghost_inner_flame, minmay_close_crescents
D:4:      layout_gridville, zin_angel
D:5:      minmay_recursive_quarters, layout_basic, kennysheep_mini,
          lemuel_round_altar, temple_hall, first_ration,
          grunt_gozag_breadcrumbs, uniq_eustachio, uniq_pikel
D:6:      layout_cave_pools, lemuel_doored_altar, serial_shops,
          nicolae_shop_behind_doors
D:7:      kennysheep_windowed_halls, layout_basic, kennysheep_mini_moat,
          grunt_ogre_cave, uniq_maggie
D:8:      layout_basic, chequers_temple_overflow_statue_of_worship
D:9:      layout_loops_ring, david_orc_3
D:11:     hangedman_what_comes_after_a, layout_basic, dpeg_oklobed_lair,
          serial_shops, shop, hangedman_abyss_or_decor_stagger, uniq_sonja,
          uniq_nergalle, uniq_grum
D:12:     layout_basic, portal_ice_cave_entry_pillars_1, basic_altar,
          david_defended_altar_elf
D:13:     layout_cave_pools, lightli_vaults_fourway_checkpoint, minivault_25_ag
Temple:   compressed_dpeg_circular_temple

Skill      XL: |  1  2  3  4  5  6  7  8  9 10 11 |
---------------+----------------------------------+-----
Dodging        | 2 3 4 5 6 7 8 |  8.1
Armour         | 2 3 4 5 6 7 8 |  8.2
Axes           | 3 4 5 6 7 8 |  8.3
Fighting       | 4 5 6 7 8 9 |  9.2
Stealth        | 2 3 4 5 |  5.5

Action                   |  1- 3 |  4- 6 |  7- 9 | 10-12 || total
-------------------------+-------+-------+-------+-------++-------
Melee: Hand axe          |    86 |   187 |    33 |       ||   306
       Flail             |       |       |   237 |   340 ||   577
       Headbutt          |       |       |    37 |    52 ||    89
Invok: Berserk           |     2 |     4 |     6 |     9 ||    21
       Trog's Hand       |     1 |     2 |     5 |     6 ||    14
       Brothers in Arms  |       |       |       |     1 ||     1
  Use: Scroll            |       |       |    13 |     8 ||    21
       Potion            |       |       |     3 |     7 ||    10
 Stab: Sleeping          |       |     1 |     1 |       ||     2
       Distracted        |       |       |     2 |     4 ||     6
  Eat: Chunk             |     1 |    11 |    15 |    18 ||    45
       Ration            |       |       |     1 |     1 ||     2
Armor: Animal skin       |    17 |    46 |    17 |       ||    80
       Leather armour    |       |       |    27 |       ||    27
       Scale mail        |       |       |    89 |   373 ||   462
Dodge: Dodged            |    55 |   122 |   250 |   516 ||   943
